Map: Ruines d’Endion

Players

Slt

  • Race: Protoss Protoss
  • League: Gold
  • Spawn Location: 7:00

zidar - Winner!

  • Race: Zerg Zerg
  • League: Gold
  • Spawn Location: 5:00

VOD

Have the link to the VOD?

Description

Time

  • Played on: July 3, 2016, 10:13 a.m.
  • Length: 27:51
Show
View Real Time Build Order
Export as new Build Order

Slt Protoss 

Build Orders:  

Get SALT Encoding   

  12  0:01  Probe (Chrono Boost)  
  13  0:12  Probe (Chrono Boost)  
  14  0:23  Pylon  
  14  0:28  Probe (Chrono Boost)  
  15  0:41  Probe (Chrono Boost)  
  16  0:50  Forge  
  16  0:53  Probe (Chrono Boost)  
  17  1:22  Pylon  
  17  1:33  Photon Cannon  
  17  1:44  Photon Cannon  
  17  2:03  Pylon  
  17  2:25  Photon Cannon  
  17  2:34  Photon Cannon  
  17  2:39  Pylon  
  17  2:48  Nexus  
  17  2:53  Probe (Chrono Boost)  
  17  2:58  Assimilator  
  18  3:00  Pylon  
  18  3:03  Probe (Chrono Boost)  
  19  3:20  Photon Cannon  
  19  3:24  Probe (Chrono Boost)  
  20  3:34  Probe (Chrono Boost), Pylon  
  21  3:44  Gateway  
  21  3:45  Probe (Chrono Boost)  
  22  3:57  Assimilator  
  22  4:00  Probe (Chrono Boost)  
  23  4:11  Probe (Chrono Boost)  
  24  4:19  Photon Cannon  
  24  4:23  Probe (Chrono Boost)  
  25  4:26  Gateway  
  25  4:27  Gateway, Pylon  
  25  4:33  Probe (Chrono Boost)  
  25  4:35  Cybernetics Core  
  26  4:44  Probe (Chrono Boost)  
  27  4:47  Probe (Chrono Boost)  
  28  4:54  Probe (Chrono Boost)  
  28  4:56  Photon Cannon  
  28  4:57  Pylon  
  28  4:58  Probe (Chrono Boost)  
  30  5:05  Probe (Chrono Boost)  
  31  5:08  Probe (Chrono Boost)  
  32  5:15  Probe (Chrono Boost), Warp Gate (Chrono Boost)  
  32  5:18  Probe  
  34  5:25  Probe  
  35  5:31  Probe, Assimilator  
  36  5:35  Probe  
  36  5:36  Assimilator  
  36  5:38  Pylon  
  36  5:40  Pylon  
  37  5:43  Probe  
  37  5:46  Probe  
  39  5:55  Probe  
  39  5:56  Probe  
  41  6:05  Photon Cannon  
  41  6:07  Stargate x2, Mothership Core, Probe  
  44  6:17  Probe  
  45  6:39  Pylon  
  45  6:43  Pylon  
  45  6:53  Void Ray (Chrono Boost)  
  53  6:56  Probe  
  53  6:58  Pylon  
  53  6:59  Void Ray (Chrono Boost)  
  54  7:10  Stalker x2  
  54  7:11  Stalker  
  60  7:21  Gateway  
  60  7:23  Gateway  
  60  7:26  Gateway  
  60  7:27  Gateway  
  60  7:31  Pylon  
  60  7:34  Pylon  
  60  7:38  Stalker x2  
  64  7:46  Void Ray (Chrono Boost)  
  64  7:49  Nexus  
  68  7:53  Photon Cannon  
  68  7:56  Void Ray (Chrono Boost)  
  72  8:06  Stalker  
  72  8:07  Stalker x2  
  69  8:37  Zealot  
  69  8:38  Stalker x2  
  69  8:39  Stalker x2  
  71  8:59  Stalker  
  71  9:02  Stalker x4  
  75  9:14  Protoss Ground Weapons Level 1  
  75  9:30  Nexus  
  75  9:35  Stalker x5  
  75  9:36  Stalker x2  
  89  9:43  Void Ray (Chrono Boost)  
  93  9:46  Void Ray (Chrono Boost)  
  97  10:01  Pylon  
  97  10:04  Pylon  
  97  10:09  Assimilator  
  97  10:11  Assimilator  
  97  10:14  Twilight Council  
  97  10:22  Photon Cannon  
  97  10:25  Photon Cannon  
  97  10:30  Probe  
  98  10:36  Probe  
  98  10:42  Probe  
  104  10:43  Void Ray (Chrono Boost)  
  104  10:48  Probe  
  105  10:53  Void Ray (Chrono Boost)  
  105  10:54  Probe  
  105  10:55  Probe  
  111  11:00  Probe  
  112  11:06  Probe  
  113  11:16  Probe  
  114  11:27  Probe  
  115  11:41  Pylon x2  
  115  11:43  Nexus  
  115  11:45  Void Ray x2 (Chrono Boost)  
  123  11:49  Adept x2  
  123  11:50  Adept x2  
  123  11:52  Probe  
  132  12:00  Resonating Glaives  
  132  12:03  Probe  
  133  12:08  Probe  
  133  12:13  Probe  
  133  12:14  Probe  
  136  12:20  Probe  
  137  12:25  Adept  
  137  12:26  Adept x3, Probe  
  146  12:32  Probe  
  146  12:35  Templar Archives  
  147  12:39  Probe  
  148  12:45  Probe  
  148  12:51  Probe  
  150  12:55  Assimilator  
  150  12:56  Probe  
  151  12:59  Assimilator  
  151  13:02  Adept x3  
  151  13:03  Probe, Adept x4  
  166  13:06  Probe  
  166  13:12  Void Ray (Chrono Boost)  
  171  13:17  Void Ray (Chrono Boost), Probe  
  176  13:27  Probe  
  177  13:35  Photon Cannon x2  
  177  13:38  Pylon  
  177  13:40  Pylon  
  177  14:02  Protoss Ground Weapons Level 2 (Chrono Boost)  
  177  14:05  High Templar x3  
  177  14:06  High Templar x3  
  177  14:07  High Templar  
  191  14:13  Void Ray  
  191  14:23  Pylon  
  195  14:25  Pylon  
  195  14:31  Archon x3  
  195  14:35  Void Ray  
  199  14:46  Gateway  
  199  14:49  Gateway  
  199  14:53  Pylon  
  197  15:25  High Templar  
  189  15:45  Archon  
  189  16:02  Protoss Shields Level 1 (Chrono Boost)  
  133  16:34  Nexus  
  133  16:36  Gateway x2, Pylon  
  133  16:37  Assimilator  
  133  16:39  Gateway  
  103  16:41  Assimilator  
  75  16:47  Adept x4  
  75  16:48  Adept x3  
  88  17:02  Void Ray x2  
  96  17:15  Pylon  
  96  17:16  Pylon  
  94  17:49  Adept x6  
  94  17:50  Adept x2  
  94  18:12  Adept  
  94  18:13  Adept x4  
  94  18:14  Adept x2  
  94  18:15  Adept  
  91  18:51  Adept  
  91  18:52  Adept x4  
  91  18:53  Adept x3  
  91  18:54  Mothership Core  
  91  19:03  Pylon x2  
  91  19:08  Pylon  
  83  19:11  Photon Cannon  
  83  19:12  Photon Cannon  
  83  19:14  Photon Cannon  
  79  19:23  Adept x5  
  79  19:24  Adept x4  
  97  19:36  Photon Cannon  
  97  19:37  Photon Cannon  
  97  19:38  Photon Cannon  
  97  19:40  Pylon  
  97  19:43  Adept  
  97  19:44  Adept x5  
  97  19:45  Adept x3  
  107  20:04  Adept x3  
  107  20:05  Adept x2  
  107  20:06  Adept x4  
  100  20:27  Adept x5  
  100  20:28  Adept x4  
  115  20:36  Nexus  
  69  21:06  Adept x2  
  69  21:07  Adept x7  
  53  21:27  Adept  
  53  21:28  Adept x5  
  53  21:29  Adept x3  
  59  21:50  Pylon  
  59  21:51  Pylon  
  37  22:04  Adept x5  
  37  22:05  Adept x4  
  51  22:20  Dark Shrine  
  36  22:24  Gateway  
  36  22:25  Gateway  
  36  22:27  Probe  
  36  22:38  Probe  
  37  22:48  Probe  
  38  22:59  Probe  
  39  23:09  Probe  
  34  23:20  Probe  
  33  23:30  Probe  
  24  24:12  Dark Templar x2  
  28  24:22  Gateway  
  28  24:25  Pylon x2  
  28  24:27  Pylon  
  26  24:45  Dark Templar  
  26  24:46  Dark Templar  
  18  24:59  Probe (Chrono Boost)  
  17  25:10  Probe (Chrono Boost)  
  18  25:25  Dark Templar  
  18  25:26  Dark Templar  
  12  25:46  Pylon  
  12  25:49  Probe (Chrono Boost)  
Show
View Real Time Build Order
Export as new Build Order

zidar Zerg - Winner!

Build Orders: Pool First 

Get SALT Encoding   

  12  0:01  Drone  
  13  0:12  Overlord  
  13  0:17  Drone  
  14  0:30  Drone x2  
  16  0:43  Spawning Pool  
  16  0:45  Drone  
  16  1:09  Hatchery  
  15  1:13  Drone  
  16  1:18  Extractor  
  16  1:19  Drone  
  16  1:35  Queen  
  18  1:43  Drone x3  
  21  1:58  Drone  
  22  2:18  Overlord x2  
  22  2:20  Queen  
  21  2:36  Spine Crawler  
  21  2:57  Roach Warren  
  20  3:27  Hatchery  
  19  4:13  Drone x5  
  24  5:26  Roach x2  
  24  5:27  Roach x8  
  44  6:23  Hatchery  
  44  6:24  Overlord x4  
  43  6:30  Lair  
  43  6:59  Roach x6  
  56  7:01  Ravager  
  56  7:02  Ravager x3  
  59  7:08  Extractor  
  58  7:29  Glial Reconstitution  
  58  7:33  Drone x6  
  64  7:59  Roach x4  
  64  8:00  Roach  
  74  8:09  Roach  
  30  9:12  Queen  
  32  9:22  Drone x5  
  35  9:40  Spore Crawler  
  35  9:41  Spore Crawler  
  35  9:42  Spore Crawler  
  35  9:43  Spore Crawler  
  35  9:45  Drone x8  
  39  9:54  Drone x6  
  45  10:05  Drone x3  
  48  10:17  Overseer  
  48  10:18  Hydralisk Den  
  47  10:25  Drone x13  
  60  10:32  Extractor  
  60  10:34  Extractor  
  58  10:46  Drone  
  59  10:58  Drone x4  
  59  10:59  Hydralisk x8  
  79  11:05  Muscular Augments  
  79  11:21  Evolution Chamber  
  79  11:25  Evolution Chamber  
  77  11:27  Hydralisk  
  77  11:28  Hydralisk  
  77  11:31  Overlord x4  
  81  11:41  Drone  
  82  11:50  Drone x3  
  85  11:58  Extractor  
  85  11:59  Extractor, Pneumatized Carapace  
  83  12:02  Zerg Missile Weapons Level 1, Zerg Ground Armor Level 1  
  83  12:04  Hydralisk x8  
  99  12:14  Drone  
  99  12:15  Drone  
  101  12:33  Roach x6  
  113  12:37  Overlord x6  
  113  12:38  Overlord  
  113  13:02  Hydralisk x4  
  113  13:03  Hydralisk  
  113  13:04  Roach x4  
  131  13:09  Lurker Den  
  131  13:26  Drone x4  
  135  13:28  Hatchery, Drone  
  135  13:34  Hydralisk x6  
  147  13:48  Queen  
  149  13:59  Zerg Ground Armor Level 2  
  149  14:00  Zerg Missile Weapons Level 2  
  149  14:18  Roach x2, Extractor  
  149  14:19  Roach x8  
  149  14:20  Roach  
  149  14:23  Overlord x3, Extractor  
  169  14:45  Infestation Pit  
  162  15:46  Hydralisk x6  
  162  15:47  Roach, Hydralisk  
  162  15:48  Hydralisk x7  
  192  15:51  Overlord  
  192  15:52  Overlord x3  
  192  15:57  Overseer  
  192  15:59  Hive  
  150  16:26  Hydralisk  
  150  16:27  Hydralisk x21  
  150  16:28  Hydralisk  
  150  16:30  Hatchery  
  138  16:48  Hydralisk  
  138  16:49  Hydralisk x4  
  134  17:15  Drone x7  
  141  17:26  Hydralisk x8  
  141  17:27  Hydralisk x3  
  149  18:30  Roach x3  
  149  18:31  Roach x18, Hydralisk x6  
  149  18:32  Hydralisk  
  174  19:28  Roach  
  174  19:29  Roach x11, Hydralisk  
  185  20:42  Drone x18  
  168  21:40  Drone x9  
  165  22:37  Roach x9  
  150  23:12  Roach x9  
  139  23:53  Drone  
  139  23:54  Drone x2  
  142  24:01  Roach x3  
  136  24:18  Roach  
  136  24:19  Roach  
  140  24:27  Drone x2  
  142  24:32  Hatchery  
  139  25:03  Roach x3  
  129  26:04  Spawning Pool  
  124  26:47  Extractor  
Tags
 
Add a new tag
Caveats
  • Supply blocks, unpowered buildings, or Contaminate may cause inaccurate times.
  • Supply counts are checked every 10 seconds.